 Dungeon Crawl Stone Soup version 0.31.0-9-g3a7656b989 (webtiles) character file.

Game seed: 11994343275559737203

7543 qw the Nimble (level 10, -4/51 HPs)
             Began as a Spriggan Hunter on Feb 3, 2024.
             Was an Elder of Okawaru.
             Succumbed to Erica's bolt of poison
             ... on level 1 of the Lair of Beasts.
             The game lasted 00:02:25 (7389 turns).

qw the Nimble (Spriggan Hunter)                     Turns: 7389, Time: 00:02:26

Health: -4/51      AC:  4    Str: 13    XL:     10   Next: 96%
Magic:  11/14      EV: 29    Int: 12    God:    Okawaru [****..]
Gold:   140        SH:  0    Dex: 22    Spells: 9/9 levels left

rFire   . . .        k - +0 arbalest (freeze)
rCold   + . .        (shield currently unavailable)
rNeg    . . .        c - +0 robe
rPois   .            (helmet restricted)
rElec   .            n - +1 cloak
rCorr   .            (gloves unavailable)
SInv    +            (boots unavailable)
Will    +....        (no amulet)
Stlth   ++           j - +6 ring of strength
HPRegen 0.28/turn    o - ring of protection from cold
MPRegen 0.14/turn

%: no passive effects
@: lethally poisoned (-4 -> -25), about to teleport, finesse-ful, very quick
A: very small, no large weapons, unfitting armour, see invisible, speed 3
a: Renounce Religion, Heroism, Finesse


You were on level 1 of the Lair of Beasts.
You worshipped Okawaru.
Okawaru was greatly pleased with you.
You visited 3 branches of the dungeon, and saw 10 of its levels.
You also visited: Ossuary.

You collected 569 gold pieces.
You spent 429 gold pieces at shops.


Innate Abilities, Weirdness & Mutations

You are very small and have problems with some larger weapons.
You are too small for most types of armour.
You have supernaturally acute eyesight. (SInv)
You cover ground extremely quickly. (Speed+++)


   Skills:
 - Level 5.0 Fighting
 + Level 12.0 Ranged Weapons
 - Level 13.1 Dodging
 - Level 1.5 Stealth
 + Level 5.1 Invocations


You had 9 spell levels left.
You didn't know any spells.
Your spell library was empty.

Inventory:

Hand Weapons
 k - a +0 arbalest of freezing (weapon)
Armour
 c - a +0 robe (worn)
 n - a +1 cloak (worn)
Jewellery
 g - an amulet of guardian spirit
 j - a +6 ring of strength (left hand)
 o - a ring of protection from cold (right hand)
Wands
 h - a wand of digging (5)
 l - a wand of polymorph (7)
Potions
 a - 2 potions of mutation
 e - 2 potions of curing
 f - 4 potions of haste
 i - 5 potions of might
 m - 2 potions of enlightenment

Dungeon Overview and Level Annotations

Branches:
Dungeon (8/15)             Temple (1/1) D:5            Lair (1/5) D:8
Ossuary (visited)

Altars:
Ashenzari
Cheibriados
Dithmenos
Elyvilon
Fedhas
Gozag
Hepliaklqana
Kikubaaqudgha
Nemelex Xobeh
Okawaru
Qazlal
Ru
Sif Muna
Trog
Uskayaw
Vehumet
Wu Jian
Yredelemnul
Zin
The Shining One

Shops:
D:8 (*[

Annotations:
Lair:1 2 transporters, Erica


Message History

A blink frog is nearby!
You shoot a bolt. The bolt closely misses the blink frog.
The blink frog closely misses you.
You shoot a bolt. The bolt hits the blink frog!!
The blink frog seems to slow down.
The bolt freezes the blink frog.
You kill the blink frog!
Okawaru accepts your kill.
You start resting.
A cane toad is nearby!
7372 ||| INVOKING Finesse.
You can now deal lightning-fast blows.
The cane toad gives a loud, deep croak!
You shoot a bolt. The bolt hits the cane toad!
The bolt freezes the cane toad.
The cane toad is moderately wounded.
You shoot a bolt. The bolt barely misses the cane toad.
You shoot a bolt. The bolt hits the cane toad!!
The cane toad seems to slow down.
The bolt freezes the cane toad!
The cane toad is almost dead.
You shoot a bolt. The bolt hits the cane toad!
The cane toad seems to slow down.
The bolt freezes the cane toad.
You kill the cane toad!
Okawaru accepts your kill.
Your Dodging skill increases to level 13!
Your Invocations skill increases to level 5!
You start resting.
Erica the Fiery-Tempered comes into view.
She is wielding a +1 scimitar of flaming.
You shoot a bolt. The bolt closely misses Erica.
Erica shouts!
You shoot a bolt. The bolt barely misses Erica.
You shoot a bolt. The bolt hits Erica!!
The bolt freezes Erica!
Erica is heavily wounded.
You shoot a bolt. The bolt closely misses Erica.
Erica casts a spell at you. The bolt of poison hits you!!
You are poisoned.
Ouch! That really hurt!
7389 ||| READING scroll of teleportation.
As you read the scroll of teleportation, it crumbles to dust.
You feel strangely unstable.
You die...

77777......[...........#.........
77.........##.#####......#.....
777......###.#### ####....#....
#......>.#.#.#P.##P .##F.....:.
............................. ..
###......###..######.......#
#......##.##.######.......
.....%..####.##.#.$..x....
.........###.###@...#####.
..............#...### .#
.................##
#................#
##......###.#P..## ##....##
###...#i.# #P#### #..^#... ##
#...#.i.# #...##..#


You could see Erica.

Vanquished Creatures
  A two-headed ogre (D:7)
  Pikel (D:8)
  Maurice (D:7)
  A cane toad (Lair:1)
  A rime drake (D:8)
  Jeremiah (D:8)
  A polar bear (D:8)
  5 blink frogs (Lair:1)
  2 wyverns
  Duvessa (D:5)
  3 water moccasins
  5 ice beasts (D:8)
  2 black bears
  6 wolves
  3 phantoms
  2 elf zombies (Ossuary)
  5 bullfrogs
  2 gnoll sergeants
  A kobold brigand (D:8)
  4 scorpions
  Dowan (D:5)
  3 howler monkeys (D:7)
  A bombardier beetle (D:5)
  5 centaur zombies (Ossuary)
  A hound (D:5)
  3 orc priests (D:5)
  A gnoll bouda (D:6)
  A spectral scorpion (Ossuary)
  3 human zombies (Ossuary)
  2 sleepcaps (D:6)
  3 iguanas
  3 orc wizards
  3 mummies (Ossuary)
  18 gnolls
  9 adders
  A white imp (D:6)
  2 ribbon worms (D:2)
  2 dart slugs
  24 orcs
  5 ball pythons
  3 bats (D:1)
  8 endoplasms
  7 giant cockroaches
  8 goblins
  10 hobgoblins
  A quokka (D:4)
  4 frilled lizards
  10 kobolds
  4 rats
194 creatures vanquished.

Notes
Turn   | Place    | Note
-------+----------+-------------------------------------------
     0 | D:1      | qw the Spriggan Hunter began the quest for the Orb.
     0 | D:1      | Reached XP level 1. HP: 10/10 MP: 2/2
     0 | D:1      | 0 ||| qw: Version: 0.3-a-155-g5e7d8dd
     0 | D:1      | 0 ||| qw: Game counter: 2956
     0 | D:1      | 0 ||| qw: Melee chars always use a shield: true
     0 | D:1      | 0 ||| qw: God list: Okawaru
     0 | D:1      | 0 ||| qw: Allow faded altars: false
     0 | D:1      | 0 ||| qw: Do Orc after clearing Dungeon:15 true
     0 | D:1      | 0 ||| qw: Do second Lair branch before Depths: true
     0 | D:1      | 0 ||| qw: Lair rune preference: random
     0 | D:1      | 0 ||| qw: Goals: Normal
     0 | D:1      | 0 ||| PLANNING D:1-11
    77 | D:1      | Reached skill level 3 in Dodging
   246 | D:1      | Reached XP level 2. HP: 14/14 MP: 3/3
   350 | D:1      | Reached skill level 4 in Dodging
   547 | D:1      | 547 ||| SWAPPING to +0 arbalest.
   549 | D:1      | 549 ||| DROPPING +0 shortbow.
   650 | D:1      | Found a faded altar of an unknown god.
   743 | D:1      | 743 ||| READING 2 scrolls labelled NUGUSIOZOM.
   743 | D:1      | 743 ||| IDENTIFYING fizzy golden potion
   744 | D:1      | 744 ||| READING scroll of identify.
   744 | D:1      | 744 ||| IDENTIFYING viscous brown potion
   745 | D:1      | 745 ||| READING 3 scrolls labelled RYXKOG FAOFOPABREA.
   746 | D:1      | 746 ||| READING scroll labelled IGGO CIEFE.
   749 | D:1      | 749 ||| READING scroll labelled HATALLAAZU.
   750 | D:1      | 750 ||| DRINKING 2 brown potions.
   751 | D:1      | 751 ||| DROPPING scroll of butterflies.
   752 | D:1      | 752 ||| DROPPING 2 scrolls of fog.
   871 | D:2      | Reached XP level 3. HP: 8/18 MP: 4/4
   875 | D:2      | HP: 4/18 [poisoned by an adder]
  1337 | D:2      | 1337 ||| DRINKING 2 amethyst potions.
  1339 | D:2      | HP: 4/18 [orc wizard/magic dart (7)]
  1340 | D:2      | 1340 ||| READING scroll of teleportation.
  1341 | D:2      | 1341 ||| DRINKING potion of curing.
  1341 | D:2      | 1341 ||| (to cure confusion)
  1342 | D:2      | 1342 ||| DRINKING potion of heal wounds.
  1490 | D:2      | Reached XP level 4. HP: 22/22 MP: 5/5
  1564 | D:2      | Found the +1 Delatra's gloves {ID++}
  1571 | D:2      | Reached skill level 5 in Dodging
  1592 | D:2      | 1592 ||| DROPPING ring of wizardry.
  1623 | D:3      | Noticed a scorpion
  1624 | D:3      | 1624 ||| DRINKING potion of haste.
  1629 | D:3      | 1629 ||| STAIRDANCE
  1631 | D:2      | Killed a scorpion
  1632 | D:2      | Reached XP level 5. HP: 27/27 MP: 6/6
  1977 | D:3      | You fall into a shaft and drop 1 floor!
  1978 | D:4      | 1978 ||| PLANNING OSSUARY
  2234 | D:4      | 2234 ||| DRINKING potion of curing.
  2234 | D:4      | 2234 ||| (to cure poison)
  2413 | D:4      | Reached skill level 6 in Ranged Weapons
  2413 | D:4      | Reached XP level 6. HP: 32/32 MP: 7/7
  2428 | D:4      | Found a sand-covered staircase.
  2429 | D:4      | 2429 ||| UPGRADING to +0 cloak.
  2434 | D:4      | 2434 ||| DROPPING ring of flight.
  2435 | D:4      | 2435 ||| UPGRADING to +6 ring of strength.
  2436 | D:4      | 2436 ||| READING 3 scrolls of identify.
  2436 | D:4      | 2436 ||| IDENTIFYING metallic coppery potion
  2437 | D:4      | 2437 ||| READING 2 scrolls of identify.
  2437 | D:4      | 2437 ||| IDENTIFYING yellow potion
  2438 | D:4      | 2438 ||| READING scroll of identify.
  2438 | D:4      | 2438 ||| IDENTIFYING silvery potion
  2439 | D:4      | 2439 ||| DROPPING potion of lignification.
  2440 | D:4      | 2440 ||| DROPPING potion of attraction.
  2449 | Ossuary  | Entered an ossuary
  2518 | Ossuary  | Reached skill level 6 in Dodging
  2518 | Ossuary  | HP: 7/32 [human zombie (5)]
  2519 | Ossuary  | 2519 ||| READING 5 scrolls of teleportation.
  2520 | Ossuary  | 2520 ||| DRINKING 2 potions of heal wounds.
  2524 | Ossuary  | 2524 ||| RETREEEEATING.
  2525 | Ossuary  | 2525 ||| RETREEEEATING.
  2526 | Ossuary  | 2526 ||| RETREEEEATING.
  2527 | Ossuary  | 2527 ||| RETREEEEATING.
  2528 | Ossuary  | 2528 ||| RETREEEEATING.
  2542 | Ossuary  | Reached XP level 7. HP: 16/35 MP: 8/8
  2546 | Ossuary  | HP: 7/35 [elf zombie (3)]
  2547 | Ossuary  | 2547 ||| READING 4 scrolls of teleportation.
  2548 | Ossuary  | 2548 ||| DRINKING potion of heal wounds.
  2590 | Ossuary  | Reached skill level 7 in Dodging
  2691 | Ossuary  | 2691 ||| READING scroll of identify.
  2691 | Ossuary  | 2691 ||| IDENTIFYING white potion
  2692 | Ossuary  | 2692 ||| READING 2 scrolls labelled HAIHAZUFIL.
  2692 | Ossuary  | 2692 ||| BRANDING +0 arbalest.
  2693 | Ossuary  | 2693 ||| READING scroll of brand weapon.
  2693 | Ossuary  | 2693 ||| BRANDING +0 arbalest of draining.
  2694 | Ossuary  | 2694 ||| DROPPING potion of berserk rage.
  2704 | D:4      | 2704 ||| PLANNING D:1-11
  3046 | D:4      | Identified the +6 hand axe of Ofelass {elec, ^Contam *Noise
                  | rElec SInv}
  3145 | D:4      | 3145 ||| FLEEEEING.
  3147 | D:4      | 3147 ||| FLEEEEING.
  3148 | D:4      | 3148 ||| FLEEEEING.
  3150 | D:4      | 3150 ||| FLEEEEING.
  3151 | D:4      | 3151 ||| FLEEEEING.
  3152 | D:4      | 3152 ||| FLEEEEING.
  3153 | D:4      | 3153 ||| FLEEEEING.
  3154 | D:4      | 3154 ||| FLEEEEING.
  3155 | D:4      | 3155 ||| FLEEEEING.
  3156 | D:4      | 3156 ||| FLEEEEING.
  3157 | D:4      | 3157 ||| FLEEEEING.
  3158 | D:4      | 3158 ||| FLEEEEING.
  3161 | D:4      | 3161 ||| FLEEEEING.
  3163 | D:4      | 3163 ||| FLEEEEING.
  3164 | D:4      | 3164 ||| FLEEEEING.
  3165 | D:4      | 3165 ||| FLEEEEING.
  3166 | D:4      | 3166 ||| FLEEEEING.
  3168 | D:4      | 3168 ||| FLEEEEING.
  3383 | D:5      | Entered Level 5 of the Dungeon
  3388 | D:5      | Found a staircase to the Ecumenical Temple.
  3389 | D:5      | 3389 ||| PLANNING TEMPLE
  3410 | Temple   | Entered the Ecumenical Temple
  3411 | Temple   | 3411 ||| PLANNING D:1-11
  3632 | D:5      | Found an ancient bone altar of Kikubaaqudgha.
  3632 | D:5      | Found a hazy altar of Hepliaklqana.
  3632 | D:5      | Noticed Duvessa
  3632 | D:5      | Noticed Dowan
  3633 | D:5      | 3633 ||| ZAPPING wand of acid (6) at -1,3 (Duvessa; floor).
  3634 | D:5      | 3634 ||| ZAPPING wand of acid (5) at -1,2 (Duvessa; floor).
  3635 | D:5      | 3635 ||| ZAPPING wand of acid (4) at -1,1 (Duvessa; floor).
  3636 | D:5      | 3636 ||| ZAPPING wand of acid (3) at -1,1 (Duvessa; floor).
  3636 | D:5      | Killed Duvessa
  3637 | D:5      | Reached skill level 3 in Fighting
  3637 | D:5      | Reached XP level 8. HP: 26/40 MP: 9/9
  3637 | D:5      | 3637 ||| ZAPPING wand of acid (2) at -1,-1 (Dowan; floor).
  3637 | D:5      | Killed Dowan
  3729 | D:5      | 3729 ||| RETREEEEATING.
  3733 | D:5      | Reached skill level 8 in Dodging
  3819 | D:5      | 3819 ||| FLEEEEING.
  3824 | D:5      | 3824 ||| FLEEEEING.
  3825 | D:5      | 3825 ||| FLEEEEING.
  3826 | D:5      | 3826 ||| FLEEEEING.
  3827 | D:5      | 3827 ||| FLEEEEING.
  3828 | D:5      | 3828 ||| FLEEEEING.
  3931 | D:5      | Found a sparkling altar of Nemelex Xobeh.
  3932 | D:5      | Found a stormy altar of Qazlal.
  3934 | D:5      | Found a blossoming altar of Fedhas.
  3935 | D:5      | Found a basalt altar of Yredelemnul.
  3941 | D:5      | Found a glowing silver altar of Zin.
  3942 | D:5      | Found a snail-covered altar of Cheibriados.
  3998 | D:5      | 3998 ||| READING 3 scrolls of identify.
  3998 | D:5      | 3998 ||| IDENTIFYING fuming puce potion
  3999 | D:5      | 3999 ||| READING 2 scrolls of identify.
  3999 | D:5      | 3999 ||| IDENTIFYING scroll labelled LAD ZAQIATA
  4000 | D:5      | 4000 ||| READING scroll of identify.
  4000 | D:5      | 4000 ||| IDENTIFYING scroll labelled EZAIBEHUGUY
  4001 | D:5      | 4001 ||| DROPPING potion of ambrosia.
  4002 | D:5      | 4002 ||| DROPPING scroll of revelation.
  4003 | D:5      | 4003 ||| DROPPING scroll of vulnerability.
  4013 | D:5      | Reached skill level 9 in Ranged Weapons
  4140 | D:6      | 4140 ||| RETREEEEATING.
  4143 | D:6      | 4143 ||| RETREEEEATING.
  4144 | D:6      | 4144 ||| RETREEEEATING.
  4145 | D:6      | 4145 ||| RETREEEEATING.
  4154 | D:6      | HP: 6/40 [gnoll/+0 club[a gnoll bouda] (6)]
  4155 | D:6      | 4155 ||| READING 3 scrolls of teleportation.
  4157 | D:6      | Reached skill level 9 in Dodging
  4159 | D:6      | 4159 ||| READING 2 scrolls of teleportation.
  4453 | D:6      | Found a glowing golden altar of the Shining One.
  4453 | D:6      | Found an iron altar of Okawaru.
  4454 | D:6      | 4454 ||| PLANNING OKAWARU WORSHIP
  4458 | D:6      | Became a worshipper of Warmaster Okawaru
  4459 | D:6      | 4459 ||| PLANNING D:1-11
  4939 | D:6      | 4939 ||| READING scroll of identify.
  4939 | D:6      | 4939 ||| IDENTIFYING scroll labelled JYSEYC OPAUMEU
  4940 | D:6      | 4940 ||| DROPPING scroll of silence.
  5049 | D:7      | Reached XP level 9. HP: 44/44 MP: 10/10
  5134 | D:7      | Reached * piety under Okawaru
  5135 | D:7      | Reached skill level 10 in Dodging
  5192 | D:7      | Found a radiant altar of Vehumet.
  5199 | D:7      | Reached skill level 1 in Invocations
  5539 | D:7      | Noticed Maurice
  5540 | D:7      | 5540 ||| INVOKING Heroism.
  5546 | D:7      | Killed Maurice
  5547 | D:7      | Reached skill level 3 in Invocations
  5680 | D:7      | 5680 ||| UPGRADING to +1 cloak.
  5690 | D:7      | 5690 ||| DROPPING +0 cloak.
  5691 | D:7      | 5691 ||| UPGRADING to ring of protection from cold.
  5692 | D:7      | 5692 ||| READING scroll labelled BUWOUM PANUNEU.
  5816 | D:8      | Noticed Jeremiah
  5816 | D:8      | Found Otauteh's Antique Weapon Shoppe.
  5817 | D:8      | 5817 ||| INVOKING Heroism.
  5819 | D:8      | Noticed a two-headed ogre
  5824 | D:8      | 5824 ||| STAIRDANCE
  5935 | D:8      | 5935 ||| STAIRDANCE
  5937 | D:7      | 5937 ||| INVOKING Heroism.
  5943 | D:7      | Killed a two-headed ogre
  5944 | D:7      | Reached skill level 11 in Dodging
  6044 | D:8      | 6044 ||| INVOKING Heroism.
  6061 | D:8      | Killed Jeremiah
  6103 | D:8      | 6103 ||| INVOKING Heroism.
  6369 | D:8      | Noticed a polar bear
  6370 | D:8      | 6370 ||| INVOKING Heroism.
  6372 | D:8      | Reached XP level 10. HP: 51/51 MP: 11/14
  6399 | D:8      | 6399 ||| RETREEEEATING.
  6409 | D:8      | Reached ** piety under Okawaru
  6572 | D:8      | Found a staircase to the Lair.
  6587 | D:8      | 6587 ||| ZAPPING wand of acid (1) at 0,-1 (polar bear;
                  | floor).
  6588 | D:8      | Reached skill level 12 in Dodging
  6674 | D:8      | Found Xacwuze's General Store.
  6688 | D:8      | 6688 ||| BUYING 2 potions of enlightenment (130 gold).
  6688 | D:8      | Bought 2 potions of enlightenment for 130 gold pieces
  6688 | D:8      | 6688 ||| BUYING 2 potions of haste (260 gold).
  6688 | D:8      | Bought 2 potions of haste for 260 gold pieces
  6688 | D:8      | 6688 ||| BUYING scroll of teleportation (39 gold).
  6688 | D:8      | Bought a scroll of teleportation for 39 gold pieces
  6688 | D:8      | 6688 ||| SHOPLISTING wand of acid (5) (273 gold, have 91).
  6768 | D:8      | Noticed Pikel
  6769 | D:8      | 6769 ||| RETREEEEATING.
  6770 | D:8      | 6770 ||| RETREEEEATING.
  6771 | D:8      | 6771 ||| RETREEEEATING.
  6773 | D:8      | 6773 ||| RETREEEEATING.
  6775 | D:8      | 6775 ||| RETREEEEATING.
  6777 | D:8      | 6777 ||| RETREEEEATING.
  6780 | D:8      | 6780 ||| INVOKING Heroism.
  6783 | D:8      | Killed Pikel
  6783 | D:8      | Reached *** piety under Okawaru
  6817 | D:8      | Found Aceprem's Armour Shoppe.
  6826 | D:8      | 6826 ||| SHOPLISTING +2 robe of willpower (194 gold, have
                  | 118).
  6961 | D:8      | 6961 ||| PLANNING LAIR
  6961 | D:8      | 6961 ||| READING scroll of identify.
  6961 | D:8      | 6961 ||| IDENTIFYING scroll labelled ALEANOIKUS
  6962 | D:8      | 6962 ||| DROPPING scroll of noise.
  6995 | Lair:1   | Entered Level 1 of the Lair of Beasts
  7059 | Lair:1   | Noticed a wolf spider
  7059 | Lair:1   | Noticed a wolf spider
  7060 | Lair:1   | 7060 ||| RETREEEEATING.
  7061 | Lair:1   | 7061 ||| RETREEEEATING.
  7062 | Lair:1   | 7062 ||| RETREEEEATING.
  7063 | Lair:1   | 7063 ||| RETREEEEATING.
  7068 | Lair:1   | 7068 ||| RETREEEEATING.
  7069 | Lair:1   | 7069 ||| RETREEEEATING.
  7071 | Lair:1   | 7071 ||| RETREEEEATING.
  7072 | Lair:1   | 7072 ||| RETREEEEATING.
  7079 | Lair:1   | Reached skill level 12 in Ranged Weapons
  7080 | Lair:1   | HP: 12/51 [wolf (1)]
  7081 | Lair:1   | 7081 ||| READING 3 scrolls of teleportation.
  7082 | Lair:1   | HP: 3/51 [wolf (10)]
  7083 | Lair:1   | Found a transporter.
  7083 | Lair:1   | Noticed a cane toad
  7084 | Lair:1   | 7084 ||| READING 2 scrolls of teleportation.
  7085 | Lair:1   | 7085 ||| RETREEEEATING.
  7086 | Lair:1   | 7086 ||| RETREEEEATING.
  7087 | Lair:1   | 7087 ||| RETREEEEATING.
  7088 | Lair:1   | 7088 ||| RETREEEEATING.
  7292 | Lair:1   | Found a transporter.
  7295 | Lair:1   | Noticed a spriggan berserker
  7308 | Lair:1   | 7308 ||| RETREEEEATING.
  7309 | Lair:1   | 7309 ||| RETREEEEATING.
  7311 | Lair:1   | 7311 ||| RETREEEEATING.
  7334 | Lair:1   | Reached **** piety under Okawaru
  7343 | Lair:1   | 7343 ||| FLEEEEING.
  7372 | Lair:1   | 7372 ||| INVOKING Finesse.
  7376 | Lair:1   | Killed a cane toad
  7377 | Lair:1   | Reached skill level 13 in Dodging
  7384 | Lair:1   | Noticed Erica
  7388 | Lair:1   | HP: 1/51 [Erica/bolt of poison (31)]
  7389 | Lair:1   | 7389 ||| READING scroll of teleportation.
  7389 | Lair:1   | Succumbed to Erica's bolt of poison

Levels and vault maps discovered:
D:1:      sevenhm_arrival_forest_fort_small_3, layout_loops_ring,
          chequers_ecumenical_altar_lobes, minmay_split_cup_small
D:2:      layout_loops_ring, pf_guarded_unrand_delatra
D:3:      minmay_angry_zag, layout_rooms, minmay_distorted
D:4:      corexii_shack_village, layout_loops_ring,
          mainiacjoe_ossuary_entry_dusty_tomb, grunt_decor_cap
D:5:      layout_rooms, nicolae_overflow_hallway_of_the_gods,
          minmay_temple_entry_mist, uniq_duvessa
D:6:      layout_cave_pods, gammafunk_temple_overflow_statue,
          minmay_gold_behind_fungi
D:7:      layout_cave_pods, vehumet_altar_wand_db, uniq_maurice
D:8:      layout_loops_ring, hellmonk_lair_entry_icy, serial_shops,
          nicolae_diamond_shop, nicolae_stop_n_shop_1, nicolae_square_shop,
          serial_bayou_ford_a, uniq_pikel, uniq_jeremiah
Temple:   dpeg_three_leaves_temple
Lair:1:   layout_gridlike, gammafunk_ghost_wrathful_warriors,
          nicolae_lair_lil_pond, bh_autumn_forest_stairs,
          nicolae_lair_run_with_the_wolves, uniq_erica

Skill      XL: |  1  2  3  4  5  6  7  8  9 10 |
---------------+-------------------------------+-----
Dodging        | 3 4 5 6 7 9 11 13 | 13.1
Ranged Weapons | 5 6 8 10 12 | 12.0
Fighting       | 2 3 4 5 |  5.0
Invocations    | 4 5 |  5.1
Stealth        | |  1.5

Action                     |  1- 3 |  4- 6 |  7- 9 | 10-12 || total
---------------------------+-------+-------+-------+-------++-------
   Fire: Shortbow          |    28 |       |       |       ||    28
         Arbalest          |    62 |   101 |   214 |   140 ||   517
 Invoke: Heroism           |       |       |     6 |     1 ||     7
         Finesse           |       |       |       |     1 ||     1
  Evoke: Wand              |       |       |     5 |     1 ||     6
    Use: Scroll            |     6 |     4 |    11 |     4 ||    25
         Potion            |     4 |     3 |     1 |       ||     8
 Armour: Robe              |    13 |    27 |    34 |    26 ||   100
  Dodge: Dodged            |    11 |    45 |   137 |   141 ||   334

Table legend:
 A = Non-vault XP
 B = Vault XP
 C = Vault XP percentage of total XP
 D = Non-vault monster count
 E = Vault monster count
 F = Vault count percentage of total count
                 A         B        C        D         E       F
            +---------+---------+-------+---------+---------+-------
      Total |    6227 |    4549 |  42.2 |     141 |      53 |  27.3
            +---------+---------+-------+---------+---------+-------
        D:1 |      26 |       4 |  13.3 |      15 |       3 |  16.7
        D:2 |     148 |      48 |  24.5 |      20 |       5 |  20.0
        D:3 |      27 |       7 |  20.6 |       9 |       4 |  30.8
        D:4 |     215 |      18 |   7.7 |      17 |       8 |  32.0
        D:5 |     795 |     214 |  21.2 |      23 |       2 |   8.0
        D:6 |     586 |       0 |   0.0 |      20 |       0 |   0.0
        D:7 |    1756 |     567 |  24.4 |      11 |       2 |  15.4
        D:8 |     661 |    2484 |  79.0 |      18 |      10 |  35.7
     Lair:1 |    2013 |     575 |  22.2 |       8 |       5 |  38.5
    Ossuary |       0 |     632 | 100.0 |       0 |      14 | 100.0
            +---------+---------+-------+---------+---------+-------
